 Dungeon Crawl Stone Soup version 0.32-a0-636-g4925a30cd0 (webtiles) character file.

Game seed: 10971859808495755144

147569 GordonOverkill the Devastator (level 16, -11/92 HPs)
             Began as a Deep Elf Delver on Mar 7, 2024.
             Was an Elder of Sif Muna.
             Mangled by a death yak (23 damage)
             ... led by Polyphemus
             ... on level 2 of the Shoals.
             The game lasted 01:26:48 (54785 turns).

GordonOverkill the Devastator (Deep Elf Delver)    Turns: 54785, Time: 01:26:48

Health: -11/92     AC: 11    Str: 17    XL:     16   Next: 92%
Magic:  29/35      EV: 12    Int: 32    God:    Sif Muna [****..]
Gold:   1665       SH:  8    Dex: 16    Spells: 9/41 levels left

rFire   + + .        r - staff "Xuaqaker" {rF+ Str+5 Int+3 Stlth+ Fire Earth}
rCold   . . .        Z - +2 buckler {reflect}
rNeg    . . .        T - +2 robe {rF+}
rPois   +            P - +1 helmet {Int+3}
rElec   +            B - +0 cloak
rCorr   .            W - +1 pair of gloves of Makhleb's Condemnation {Rampage Int+2}
SInv    .            l - +1 pair of boots {rampage}
Will    +....        e - amulet of magic regeneration
Stlth   ++++         t - ring of wizardry
HPRegen 0.35/turn    m - ring "Xitauffu" {rElec rPois Str+3}
MPRegen 0.64/turn

%: reflection, rampage, wizardry (x1)
@: brilliant, very slightly contaminated
A: no striking features
a: Renounce Religion, Channel Magic, Forget Spell, Divine Exegesis


You were on level 2 of the Shoals.
You worshipped Sif Muna.
Sif Muna was greatly pleased with you.
You visited 6 branches of the dungeon, and saw 27 of its levels.
You also visited: Ossuary, Bailey and Volcano.

You collected 2856 gold pieces.
You spent 1191 gold pieces at shops.

Inventory:

Hand Weapons
 C - a +6 rapier of chaos
Missiles
 a - 3 throwing nets
 b - 23 poisoned darts (quivered)
 u - 5 curare-tipped darts
Armour
 k - a +0 leather armour of willpower
 l - a +1 pair of boots of rampaging (worn)
 A - a +0 buckler of positive energy
 B - a +0 cloak (worn)
 D - +0 steam dragon scales
 P - a +1 helmet of intelligence (worn)
 T - a +2 robe of fire resistance (worn)
 W - the +1 pair of gloves of Makhleb's Condemnation (worn) {Rampage Int+2}
   (You acquired it on level 15 of the Dungeon)

   Int+2:     It affects your intelligence (+2).
   Rampage:   It bestows one free step when moving towards enemies.
 Z - a +2 buckler of reflection (worn)
Magical Staves
 r - the staff "Xuaqaker" (weapon) {rF+ Str+5 Int+3 Stlth+ Fire Earth}
   (You acquired it on level 1 of the Lair of Beasts)

   [staff of fire]

   Base accuracy: +5 Base damage: 5 Base attack delay: 1.2 This weapon's minimum
   attack delay (0.6) is reached at skill level 12.
   Str+5:     It affects your strength (+5).
   Int+3:     It affects your intelligence (+3).
   rF+:       It protects you from fire.
   Stlth+:    It makes you more stealthy.
   Fire:      It increases the power of your Fire spells.
   Earth:     It increases the power of your Earth spells.
   It falls into the 'Staves' category.
   It is a one-handed weapon.
Jewellery
 e - an amulet of magic regeneration (around neck)
 h - a ring of magical power
 m - the ring "Xitauffu" (right hand) {rElec rPois Str+3}
   (You found it on level 5 of the Lair of Beasts)

   [ring of poison resistance]

   Str+3:     It affects your strength (+3).
   rElec:     It insulates you from electricity.
   rPois:     It protects you from poison.
 t - a ring of wizardry (left hand)
 y - a +5 ring of evasion
 E - a +6 ring of intelligence
 H - a ring of protection from fire
 O - a ring of resist corrosion
 V - a ring of ice
 X - an amulet of regeneration
Wands
 g - a wand of digging (18)
 p - a wand of flame (63)
 K - a wand of warping (9)
 Q - a wand of charming (9)
 S - a wand of mindburst (8)
 U - a wand of quicksilver (16)
Scrolls
 c - 3 scrolls of fog
 d - 2 scrolls of revelation
 i - 4 scrolls of amnesia
 o - 4 scrolls of teleportation
 z - 3 scrolls of poison
 F - a scroll of butterflies
 I - a scroll of immolation
 M - a scroll of silence
 N - 2 scrolls of identify
 Y - a scroll of vulnerability {unknown}
Potions
 f - 3 potions of haste
 j - 4 potions of resistance
 n - 7 potions of mutation
 q - a potion of magic
 s - 7 potions of enlightenment
 w - 4 potions of heal wounds
 x - 4 potions of ambrosia
 G - 5 potions of curing
 J - a potion of might
 L - 4 potions of lignification
 R - 3 potions of brilliance
Miscellaneous
 v - a phantom mirror


   Skills:
 - Level 7.0 Fighting
 - Level 2.0 Short Blades
 - Level 3.0 Dodging
 - Level 6.0 Stealth
 - Level 7.0 Shields
 - Level 13.0 Spellcasting
 - Level 20.0 Conjurations
 - Level 2.0 Summonings
 + Level 19.2 Air Magic
 - Level 10.0 Invocations
 - Level 3.0 Evocations


You had 9 spell levels left.
You knew the following spells:

 Your Spells              Type           Power      Damage    Failure   Level
a - Static Discharge      Conj/Air       100%       3-8/arc   0%          2
b - Airstrike             Air            60%        2d(9-25)  0%          4
c - Summon Lightning Spi  Summ/Air       93%        N/A       1%          4
d - Conjure Ball Lightni  Conj/Air       60%        3x3d22    1%          6
e - Orb of Destruction    Conj           61%        9d15      1%          7
f - Chain Lightning       Conj/Air       60%        3d80      32%         9

Your spell library contained the following spells:

 Spells                   Type           Power      Damage    Failure   Level
 Magic Dart               Conj           100%       1d8       0%          1
 Shock                    Conj/Air       100%       1d9       0%          1
 Iskenderun's Battlesphe  Conj           100%       2d15      0%          5
 Freeze                   Ice            100%       1d10      1%          1
 Kiss of Death            Conj/Necr      100%       2d13      1%          1
 Cigotuvi's Dreadful Rot  Necr/Alch/Air  100%       N/A       1%          2
 Ensorcelled Hibernation  Hex/Ice        62%        N/A       1%          2
 Sublimation of Blood     Necr           31%        N/A       1%          2
 Hailstorm                Conj/Ice       91%        3d15      1%          3
 Mephitic Cloud           Conj/Alch/Air  100%       N/A       1%          3
 Brom's Barrelling Bould  Conj/Erth      100%       2d11      1%          4
 Fulminant Prism          Conj/Alch      45%        3d21      1%          4
 Iskenderun's Mystic Bla  Conj/Tloc      91%        2d18      1%          4
 Vhi's Electric Charge    Tloc/Air       100%       N/A       1%          4
 Arcjolt                  Conj/Air       60%        1d70      1%          5
 Fireball                 Conj/Fire      56%        3d22      1%          5
 Freezing Cloud           Conj/Ice/Air   51%        6-21      1%          5
 Silence                  Hex/Air        44%        N/A       1%          5
 Frozen Ramparts          Ice            62%        1d10      3%          3
 Fugue of the Fallen      Necr           31%        N/A       3%          3
 Ozocubu's Armour         Ice            31%        N/A       3%          3
 Volatile Blastmotes      Fire/Tloc      92%        2d17      3%          3
 Martyr's Knell           Necr/Summ      40%        N/A       8%          4
 Anguish                  Hex/Necr       15%        N/A       11%         4
 Animate Dead             Necr           31%        N/A       11%         4
 Dimensional Bullseye     Hex/Tloc       15%        N/A       11%         4
 Dispel Undead            Necr           31%        3d14      11%         4
 Ignite Poison            Fire/Alch      46%        N/A       11%         4
 Sticky Flame             Fire/Alch      46%        2d9       11%         4
 Spellforged Servitor     Conj/Summ      47%        N/A       11%         7
 Borgnjor's Vile Clutch   Necr/Erth      23%        N/A       28%         5
 Curse of Agony           Necr           31%        N/A       28%         5
 Metabolic Englaciation   Hex/Ice        15%        N/A       28%         5
 Death Channel            Necr           15%        N/A       82%         6
 Sculpt Simulacrum        Ice/Alch       15%        N/A       82%         6
 Ignition                 Fire           23%        3d8       100%        8
 Infestation              Necr           15%        N/A       100%        8


Dungeon Overview and Level Annotations

Branches:
Dungeon (15/15)            Temple (1/1) D:6            Lair (5/5) D:10
 Shoals (2/4) Lair:2       Spider (2/4) Lair:3        Slime (0/5) Lair:4
    Orc (2/2) D:12            Elf (0/3) Orc:2        Vaults (0/5) D:14
 Depths (0/4) D:15        Ossuary (visited)          Bailey (visited)
Volcano (visited)

Altars:
Ashenzari
Cheibriados
Dithmenos
Elyvilon
Fedhas
Gozag
Hepliaklqana
Kikubaaqudgha
Makhleb
Nemelex Xobeh
Okawaru
Qazlal
Ru
Sif Muna
Trog
Uskayaw
Vehumet
Wu Jian
Xom
Yredelemnul
Zin
The Shining One
Beogh

Shops:
D:8 *   D:10 (   D:12 =   Orc:1 [   Orc:2 [(?:   Shoals:1 [

Annotations:
D:5 3 runed translucent doors, LydaLydish's ghost, amateur HuFi; Vorhees's ghost, novice CoAr; makewrite's ghost, amateur GrGl
Shoals:2 Polyphemus


Message History

There is a stone staircase leading down here.
You feel clever all of a sudden.
There is a stone staircase leading down here.
You climb downwards.
Level annotation: Polyphemus You block the death yak's attack.
The death yak gores you but does no damage.
There is a stone staircase leading up here.
Casting: Orb of Destruction (dangerous; 1% risk of failure)
Confirm with . or Enter, or press ? or * to list all spells.
You feel a surge of power!
You miscast Chain Lightning.
You are very lightly contaminated with residual magic.
The wind whips around you! You resist.
Polyphemus throws a large rock.
The large rock hits you!!!
Ouch! That really hurt!
* * * LOW HITPOINT WARNING * * *
The death yak barely misses you. You block the death yak's attack.
Okay, then.
The death yak attacks as it pursues you!
The death yak gores you.
* * * LOW HITPOINT WARNING * * *
Polyphemus throws a large rock.
You block the large rock with your +2 buckler of reflection... and reflect it back!
The large rock completely misses Polyphemus.
Okay, then.
Okay, then.
Casting: Chain Lightning (extremely dangerous; 32% risk of failure)
Confirm with . or Enter, or press ? or * to list all spells.
Aiming: Orb of Destruction (dangerous; 1% risk of failure)
Press: ? - help, Shift-Dir - straight line, f - death yak
Aim: a death yak You feel a surge of power!
The wavering orb of destruction weakly hits the death yak!!
The death yak is moderately wounded.
You block the death yak's attack. The death yak gores you!
* * * LOW HITPOINT WARNING * * *
You feel much better. The death yak gores you!!
* * * LOW HITPOINT WARNING * * *
The death yak gores you!!
You die...

.###.~~~P~~P~~~≈≈≈≈≈
....~~~~P~~~~~~P~~~≈≈
~~.~†~~~~P~~~~~~~~~~~
~~~~~~~~~~PP~~~~~~~~~
~~~~~~..~~~~~~~~~~~~~~
~~~~~~...~~~~~~..~~~~
~~~~~~~C<.........~~~
~~~...~Y#Y........~~~
~~~~..~.@...#......~~
~~~~~...~~~##...~~...
~~~~~....~~...~~~~~.~
~~~.......~~(..~~~~~~
~~~###....~....~~.~~~
~~.###..##.....)<.~~~
~~....####.......~~~≈
......##........~~~≈
...~............~~~≈


You could see Polyphemus and 2 death yaks.

Vanquished Creatures
  Jorgrun (Orc:2)
  Mlioglotl (Shoals:1)
  2 broodmothers
  A stone giant (D:15)
  An ironbound thunderhulk (D:14)
  Snorg (D:13)
  An entropy weaver (Spider:1)
  2 merfolk impalers (Shoals:1)
  Josephine (D:11)
  A yaktaur captain (D:15)
  A vault guard (D:14)
  6 hydras
  2 catoblepae
  2 alligator snapping turtles
  Erica (D:10)
  5 centaur warriors
  6 boulder beetles
  A dancing weapon (Volcano)
  5 two-headed ogres
  3 death yaks
  4 orc high priests (Orc:2)
  4 demonic crawlers (Spider:1)
  An occultist (Volcano)
  Nergalle (D:10)
  A skyshark (Lair:5)
  Sonja (Lair:3)
  A pharaoh ant (Spider:1)
  8 skeletal warriors
  3 sea snakes (Shoals:1)
  6 orb spiders (Spider:1)
  2 steelbarb worms (Spider:1)
  4 orc knights
  An oklob plant (Lair:1)
  A deep elf pyromancer (D:15)
  6 cyclopes
  7 wolf spiders (Spider:1)
  2 orc sorcerers (Orc:2)
  4 fauns (Shoals:1)
  5 ugly things
  3 moths of wrath
  6 manticores
  12 elephants
  2 merfolk sirens (Shoals:1)
  5 toenail golems (Volcano)
  4 kobold blastminers (Orc:2)
  2 black mambas
  A water nymph (Shoals:1)
  3 gargoyles
  Jeremiah (D:7)
  12 cane toads
  3 rime drakes
  Maggie (D:10)
  8 komodo dragons
  2 unseen horrors (D:12)
  A yaktaur (Shoals:1)
  A freezing wraith (D:15)
  5 merfolk (Shoals:1)
  2 polar bears
  3 tyrant leeches (Lair:5)
  6 trolls
  A wind drake (Shoals:1)
  12 tarantellas
  2 hornets (Spider:1)
  11 dream sheep
  9 blink frogs
  5 slime creatures (D:12)
  A snapping turtle (Shoals:1)
  8 culicivoras (Spider:1)
  9 jumping spiders (Spider:1)
  A culicivora (shapeshifter) (D:15)
  A water elemental (Shoals:1)
  A spriggan (D:13)
  25 yaks
  4 wyverns
  A shadow (D:10)
  5 basilisks
  7 wargs
  5 humans
  5 wraiths
  7 redbacks (Spider:1)
  19 vampire mosquitoes
  3 acid dragons
  15 water moccasins
  54 orc warriors
  2 ice beasts
  A sky beast (D:6)
  2 black bears
  11 centaurs
  A wolf (D:10)
  11 ogres
  3 kobold brigands
  12 bullfrogs
  A gnoll sergeant (D:10)
  5 scorpions
  10 wights
  9 killer bees
  6 howler monkeys
  6 electric eels
  4 jellies
  24 orc priests
  A bombardier beetle (D:4)
  4 sleepcaps
  6 iguanas
  17 orc wizards
  11 hell rats
  10 adders
  7 gnolls
  2 white imps
  2 dart slugs (D:1)
  A ribbon worm (D:2)
  91 orcs
  9 endoplasms
  4 giant cockroaches
  9 goblins
  6 hobgoblins
  7 jackals
  3 quokkas
  3 training dummies (D:10)
  8 ball pythons
  14 bats
  4 frilled lizards
  26 kobolds
  7 rats
760 creatures vanquished.

Vanquished Creatures (collateral kills)
  An emperor scorpion (Spider:1)
  An orc warlord (Orc:2)
  A hydra (Lair:5)
  A boulder beetle (Spider:1)
  A catoblepas (Lair:5)
  3 two-headed ogres
  A death yak (Lair:4)
  A demonic crawler (Spider:1)
  An occultist (Volcano)
  3 skeletal warriors (D:11)
  An orb spider (Spider:1)
  An arcanist (D:12)
  4 orc knights
  2 steelbarb worms (Spider:1)
  3 wolf spiders
  3 orc sorcerers
  A manticore (D:12)
  9 elephants (Lair:5)
  A kobold blastminer (Orc:2)
  A black mamba (Lair:5)
  4 cane toads
  4 komodo dragons
  A merfolk (Shoals:2)
  A polar bear (Lair:5)
  Prince Ribbit (Lair:3)
  4 tarantellas (Spider:1)
  10 blink frogs
  11 dream sheep
  2 jumping spiders (Spider:1)
  A slime creature (D:12)
  A wyvern (Lair:1)
  10 yaks
  A wraith (D:11)
  A basilisk (Lair:2)
  2 humans (Volcano)
  A redback (Spider:1)
  A warg (Orc:1)
  5 vampire mosquitoes
  2 acid dragons
  12 orc warriors
  5 black bears
  A centaur (D:9)
  2 bullfrogs
  2 wights (D:9)
  2 killer bees (D:10)
  A vampire bat (D:13)
  A howler monkey (D:11)
  2 jellies (Lair:4)
  3 orc priests
  An iguana (D:10)
  4 orc wizards
  4 hell rats
  3 gnolls
  17 orcs
  2 bats (D:13)
  A hobgoblin (Bailey)
  2 kobolds (Bailey)
  4 goblins
172 creatures vanquished.

Vanquished Creatures (others)
  A redback (Spider:1)
  An ogre (Orc:2)
  8 ball lightnings
10 creatures vanquished.

Grand Total: 942 creatures vanquished

Notes
Turn   | Place    | Note
-------+----------+-------------------------------------------
     0 | D:5      | GordonOverkill the Deep Elf Delver began the quest for the
                  | Orb.
     0 | D:5      | Reached XP level 1. HP: 13/13 MP: 3/3
    34 | D:7      | Noticed a wight
    34 | D:7      | Noticed a wight
    34 | D:7      | Noticed a wight
    34 | D:7      | Noticed a wight
    34 | D:7      | Noticed a wight
   132 | D:5      | Reached XP level 2. HP: 18/18 MP: 4/4
   138 | D:5      | Found a sand-covered staircase.
   142 | Ossuary  | Entered an ossuary
   665 | D:3      | Reached skill level 1 in Evocations
   801 | D:3      | Reached XP level 3. HP: 22/22 MP: 5/5
  1010 | D:2      | Reached skill level 1 in Spellcasting
  1246 | D:1      | Reached XP level 4. HP: 26/28 MP: 8/8
  2207 | D:2      | Reached skill level 1 in Conjurations
  2313 | D:2      | Reached skill level 2 in Conjurations
  2313 | D:2      | Reached XP level 5. HP: 30/32 MP: 11/11
  3111 | D:4      | Found a shadowy altar of Dithmenos.
  3111 | D:4      | Found a sacrificial altar of Ru.
  3171 | D:4      | Found a blossoming altar of Fedhas.
  3241 | D:4      | Reached skill level 3 in Conjurations
  3587 | D:4      | Reached XP level 6. HP: 15/37 MP: 14/14
  3830 | D:4      | Reached skill level 5 in Spellcasting
  4189 | D:5      | Found a runed translucent gate.
  4411 | D:5      | Found a runed translucent gate.
  4411 | D:5      | Found a runed translucent gate.
  4412 | D:5      | Noticed LydaLydish's ghost (amateur HuFi)
  4413 | D:5      | Noticed makewrite's ghost (amateur GrGl)
  4413 | D:5      | Noticed Vorhees's ghost (novice CoAr)
  4528 | D:5      | Got the Quarto of the Atmosphere and Doom
  4532 | D:5      | Learned a level 2 spell: Static Discharge
  4873 | D:6      | Noticed an ice beast
  4880 | D:6      | Killed an ice beast
  4881 | D:6      | Reached skill level 1 in Air Magic
  5027 | D:6      | Noticed a sky beast
  5068 | D:6      | Found a staircase to the Ecumenical Temple.
  5102 | Temple   | Entered the Ecumenical Temple
  5125 | Temple   | Became a worshipper of Sif Muna the Loreminder
  5208 | D:6      | Reached XP level 7. HP: 19/43 MP: 16/16
  5418 | D:6      | Reached skill level 1 in Invocations
  6337 | D:6      | Reached skill level 5 in Invocations
  6885 | D:6      | Reached XP level 8. HP: 38/48 MP: 17/17
  6999 | D:6      | Reached skill level 5 in Air Magic
  7703 | D:7      | Reached * piety under Sif Muna
  8418 | D:7      | Reached XP level 9. HP: 42/52 MP: 12/21
  8473 | D:7      | Learned a level 4 spell: Airstrike
  9375 | D:8      | Noticed Jeremiah
  9714 | D:7      | Killed Jeremiah
  9877 | D:8      | Found a shimmering altar of Xom.
  9994 | D:8      | Found an opulent altar of Gozag.
  9994 | D:8      | Found Gozag's Platinum Reserve.
 10040 | D:8      | Reached ** piety under Sif Muna
 10151 | D:8      | Reached skill level 10 in Air Magic
 10645 | D:9      | Learned a level 4 spell: Summon Lightning Spire
 11052 | D:9      | Found a hazy altar of Hepliaklqana.
 11626 | D:10     | Entered Level 10 of the Dungeon
 11645 | D:10     | Reached XP level 10. HP: 52/56 MP: 15/24
 11869 | D:10     | Noticed Maggie
 11869 | D:10     | Found Uhorghum's Firing Range.
 11886 | D:10     | Killed Maggie
 11934 | D:10     | Noticed a two-headed ogre
 11940 | D:10     | Killed a two-headed ogre
 11989 | D:10     | Noticed Erica
 11992 | D:10     | Found a radiant altar of Vehumet.
 12012 | D:10     | Noticed Nergalle
 12029 | D:10     | Killed Nergalle
 12090 | D:10     | Found a white marble altar of Elyvilon.
 12105 | D:10     | Noticed a gargoyle
 12112 | D:10     | Found a flagged portal.
 12112 | D:10     | Noticed a cyclops
 12116 | D:10     | Killed a cyclops
 12125 | Bailey   | Entered a bailey
 13478 | D:10     | Killed a gargoyle
 13479 | D:10     | Reached skill level 10 in Spellcasting
 13884 | D:10     | Reached skill level 5 in Fighting
 13898 | D:10     | Reached *** piety under Sif Muna
 14036 | D:10     | Found a staircase to the Lair.
 14082 | D:10     | Reached XP level 11. HP: 64/64 MP: 18/27
 14141 | D:10     | Killed Erica
 14223 | D:10     | Noticed a two-headed ogre
 14227 | D:10     | Killed a two-headed ogre
 14827 | D:10     | Learned a level 6 spell: Conjure Ball Lightning
 14968 | D:11     | Noticed a skeletal warrior
 14973 | D:11     | Killed a skeletal warrior
 14988 | D:11     | Noticed a skeletal warrior
 14992 | D:11     | Noticed a skeletal warrior
 14995 | D:11     | Killed a skeletal warrior
 15205 | D:11     | Noticed a two-headed ogre
 15471 | D:11     | Killed a skeletal warrior
 15484 | D:11     | Killed a two-headed ogre
 16184 | Lair:1   | Entered Level 1 of the Lair of Beasts
 17365 | Lair:1   | Noticed an oklob plant
 17370 | Lair:1   | Killed an oklob plant
 17371 | Lair:1   | Reached XP level 12. HP: 72/72 MP: 8/28
 17374 | Lair:1   | Reached skill level 15 in Air Magic
 17874 | Lair:1   | Noticed a boulder beetle
 17940 | Lair:1   | Killed a boulder beetle
 18812 | Lair:1   | Identified a scroll of acquirement
 18812 | Lair:1   | Acquired the staff "Xuaqaker" {rF+ Str+5 Int+3 Stlth+ Fire
                  | Earth}
 18822 | Lair:1   | Learned a level 7 spell: Orb of Destruction
 19183 | Lair:2   | Reached skill level 4 in Conjurations
 19561 | Lair:2   | Reached skill level 5 in Conjurations
 19639 | Lair:2   | Found a staircase to the Shoals.
 19680 | Lair:2   | Noticed a seven-headed hydra
 19690 | Lair:2   | Killed a seven-headed hydra
 19977 | Lair:2   | Reached skill level 6 in Conjurations
 20478 | Lair:2   | Reached **** piety under Sif Muna
 20479 | Lair:2   | Reached skill level 7 in Conjurations
 21363 | Lair:3   | Found a hole to the Spider Nest.
 21408 | Lair:3   | Reached skill level 8 in Conjurations
 21745 | Lair:3   | Noticed a six-headed hydra
 21750 | Lair:3   | Killed a six-headed hydra
 21906 | Lair:3   | Reached skill level 9 in Conjurations
 22269 | Lair:3   | Noticed Sonja
 22270 | Lair:3   | Killed Sonja
 22339 | Lair:3   | Noticed Prince Ribbit
 22342 | Lair:3   | Reached XP level 13. HP: 76/76 MP: 15/32
 22345 | Lair:3   | Killed Prince Ribbit
 22914 | Lair:3   | Reached skill level 10 in Conjurations
 23708 | Lair:4   | Found a staircase to the Slime Pits.
 23906 | Lair:4   | Found a dark tunnel.
 24001 | Volcano  | Entered a volcano
 24015 | Volcano  | Reached skill level 11 in Conjurations
 24116 | Volcano  | Paralysed by an orc sorcerer for 2 turns
 24520 | Volcano  | Reached skill level 12 in Conjurations
 26082 | Lair:4   | Reached skill level 13 in Conjurations
 27175 | Lair:5   | Entered Level 5 of the Lair of Beasts
 27913 | Lair:5   | Reached skill level 14 in Conjurations
 29476 | Lair:4   | Reached skill level 15 in Conjurations
 29710 | Lair:5   | Identified the ring "Xitauffu" {rElec rPois Str+3}
 29734 | Lair:5   | Reached XP level 14. HP: 82/82 MP: 24/33
 29946 | Lair:5   | Reached ***** piety under Sif Muna
 30715 | Lair:5   | Reached skill level 10 in Invocations
 31194 | Lair:5   | Received a gift from Sif Muna
 31201 | Lair:5   | Got Sif Muna's Information on the Forceful Welkin {god
                  | gift}
 31827 | Lair:5   | Reached skill level 16 in Conjurations
 33855 | D:12     | Noticed Josephine
 34081 | D:11     | Killed Josephine
 34530 | D:12     | Found a staircase to the Orcish Mines.
 34791 | D:12     | Reached skill level 17 in Conjurations
 35154 | D:12     | Identified the +4 scimitar of Vag Lan {flame, Dex+3}
 36519 | D:12     | Found Gimesedgh's Jewellery Shop.
 36527 | D:12     | Bought an amulet of magic regeneration for 360 gold pieces
 36588 | D:12     | HP: 4/82 [boulder beetle (22)]
 37892 | D:13     | Reached XP level 15. HP: 86/86 MP: 16/34
 38067 | D:13     | Noticed Snorg
 38071 | D:13     | Killed Snorg
 38134 | D:13     | Learned a level 9 spell: Chain Lightning
 39951 | D:14     | Found a gate to the Vaults.
 40301 | D:15     | Entered Level 15 of the Dungeon
 40613 | D:15     | Acquired the +1 pair of gloves of Makhleb's Condemnation
                  | {Rampage Int+2}
 40677 | D:15     | Found a shimmering blue altar of Sif Muna.
 40694 | D:15     | Reached skill level 18 in Conjurations
 41026 | D:15     | Found a staircase to the Depths.
 41510 | D:15     | Found a bloodstained altar of Trog.
 41881 | D:15     | Found a radiant altar of Vehumet.
 42024 | Orc:1    | Entered Level 1 of the Orcish Mines
 42316 | Orc:1    | Found Hunailefui's Antique Armour Shoppe.
 42324 | Orc:1    | Bought a runed buckler for 202 gold pieces
 42676 | Orc:2    | Entered Level 2 of the Orcish Mines
 42678 | Orc:2    | Received a gift from Sif Muna
 42807 | Orc:2    | Reached skill level 1 in Shields
 42837 | Orc:2    | Got Sif Muna's Incunabulum of the Final Persimmons {god
                  | gift}
 43913 | Orc:2    | Found a roughly hewn altar of Beogh.
 44228 | Orc:2    | Found Utaakoska's Antique Armour Boutique.
 44613 | Orc:2    | Found Exetuiron's Antique Weapon Shop.
 45300 | Orc:2    | Noticed Jorgrun
 45465 | Orc:2    | Killed Jorgrun
 45466 | Orc:2    | Reached skill level 5 in Shields
 45725 | Orc:2    | Received a gift from Sif Muna
 45738 | Orc:2    | Got Sif Muna's Papyrus of Corpses {god gift}
 45786 | Orc:2    | Found a staircase to the Elven Halls.
 46643 | Orc:2    | Found a roughly hewn altar of Beogh.
 46657 | Orc:2    | Reached XP level 16. HP: 92/92 MP: 19/35
 47075 | Orc:2    | Found Ifauqi's Book Emporium.
 47175 | Orc:2    | Received a gift from Sif Muna
 47195 | Orc:2    | Found Weg Home's Magic Scroll Shoppe.
 47203 | Orc:2    | Bought a scroll of teleportation for 45 gold pieces
 47203 | Orc:2    | Bought a scroll of teleportation for 45 gold pieces
 47203 | Orc:2    | Bought a scroll of silence for 142 gold pieces
 47203 | Orc:2    | Bought a scroll of enchant weapon for 112 gold pieces
 47479 | Spider:1 | Entered Level 1 of the Spider Nest
 49910 | Spider:1 | Received a gift from Sif Muna
 49974 | Spider:1 | Got Oskah's Folio of Nightshade {god gift}
 50130 | Spider:1 | Reached skill level 19 in Conjurations
 52855 | Shoals:1 | Entered Level 1 of the Shoals
 53566 | Shoals:1 | Found Nedugren's Antique Armour Emporium.
 54003 | Shoals:1 | Noticed Mlioglotl
 54015 | Shoals:1 | Noticed a bone dragon
 54019 | Shoals:1 | Killed Mlioglotl
 54089 | Shoals:1 | Reached skill level 20 in Conjurations
 54607 | Shoals:2 | Noticed Polyphemus
 54764 | Shoals:1 | Bought a runed buckler for 285 gold pieces
 54785 | Shoals:2 | Mangled by a death yak

Illustrated notes

Levels and vault maps discovered:
D:1:      matt_arrival_grand_opening, layout_loops_ring, serial_forest,
          infiniplex_forest_straight_4, infiniplex_forest_end_2,
          infiniplex_forest_straight_4, infiniplex_forest_split,
          chequers_serial_rivers_micro_a
D:2:      minmay_angry_zag, layout_basic
D:3:      layout_basic
D:4:      layout_loops_ring, grunt_temple_overflow_open, fedhas_altar_4
D:5:      layout_loops_ring, enter_ossuary_5, gammafunk_ghost_cemetery,
          kennysheep_generic_room_6
D:6:      layout_basic, minmay_temple_entry_junction, serial_bayou,
          serial_bayou_ford_a, serial_bayou_pond_b, serial_bayou_lake_a,
          serial_bayou_pond_e
D:7:      layout_rooms, blue_anna_alchemist, chequers_serial_rivers_room_b
D:8:      layout_rooms, nicolae_gozag_zags_fifth_avenue,
          mainiacjoe_overflow_concentric_impassable, uniq_jeremiah
D:9:      layout_rooms, old_standard_altar
D:10:     layout_cave_pods, lemuel_tele_altar, nicolae_overflow_crystal_walls,
          minmay_lair_entry_grove, enter_bailey_5, nicolae_shop_firing_range,
          uniq_erica, uniq_nergalle, uniq_maggie
D:11:     layout_loops_ring
D:12:     layout_irregular_city, david_orc_3, serial_shops,
          nicolae_shop_just_a_little_nook, grunt_potential, uniq_josephine
D:13:     layout_small_grid, roderic_batcave, the_hattery, uniq_snorg
D:14:     layout_roguey, hellmonk_vaults_keyhole,
          hangedman_abyss_or_decor_stagger
D:15:     grunt_enter_depths_giant_problem, layout_long_grid, led_sif_pool,
          gauntlet_entry_generic, hangedman_feature_mirror
Temple:   minmay_temple_curvy_branch
Lair:1:   layout_small_grid, lemuel_fruit_fields, serial_bayou_shore_b,
          grunt_megastairs_1, infiniplex_staircase_pool
Lair:2:   layout_regular_city, shoals_dummy_entry, nicolae_lair_lil_pond
Lair:3:   layout_small_grid, spider_nest_entry_web_field,
          chequers_serial_rivers_micro_b, patterned_corridor, uniq_sonja,
          uniq_prince_ribbit2
Lair:4:   layout_regular_city, slime_entry_2, nicolae_volcano_entry_s_turn
Lair:5:   minmay_lair_end_frog_pond, layout_regular_city, serial_bayou_shore_b
Shoals:1: layout_shoals, abandoned_shop, nicolae_take_the_stairs, centaur_isle,
          uniq_mlioglotl
Shoals:2: layout_shoals, nicolae_shoals_lost_giant_amphitheater,
          uniq_polyphemus, uniq_frances
Spider:1: nicolae_spider_corner
Spider:2: layout_cave_pods, guppyfry_spider_mini_2,
          hangedman_spider_tarantella_strand, uniq_arachne, uniq_asterion
Orc:1:    layout_caves, serial_shops, nicolae_square_shop
Orc:2:    pubby_orc_utopia, uniq_jorgrun

Skill      XL: |  1  2  3  4  5  6  7  8  9 10 11 12 13 14 15 16 |
---------------+-------------------------------------------------+-----
Evocations     | 2 3 |  3.0
Fighting       | 3 4 5 7 |  7.0
Spellcasting   | 1 3 4 5 6 8 10 13 | 13.0
Conjurations   | 2 3 9 15 17 18 20 | 20.0
Dodging        | 3 |  3.0
Air Magic      | 2 3 8 11 12 14 15 16 18 19 | 19.2
Invocations    | 5 8 10 | 10.0
Summonings     | 2 |  2.0
Shields        | 6 7 |  7.0
Short Blades   | |  2.0
Stealth        | |  6.0

Action                     |  1- 3 |  4- 6 |  7- 9 | 10-12 | 13-15 | 16-18 || total
---------------------------+-------+-------+-------+-------+-------+-------++-------
  Melee: Short sword       |    52 |       |       |       |       |       ||    52
         War axe           |    11 |   161 |       |       |       |       ||   172
         Rapier            |       |    22 |   101 |    18 |    17 |       ||   158
         Staff             |       |       |       |     3 |    25 |     4 ||    32
  Throw: Dart              |       |       |    15 |     1 |     1 |       ||    17
   Cast: Static Discharge  |       |       |    45 |     5 |    49 |     7 ||   106
         Airstrike         |       |       |    59 |   249 |   689 |   256 ||  1253
         Summon Lightning  |       |       |     4 |    65 |   125 |    33 ||   227
         Conjure Ball Ligh |       |       |       |     5 |     1 |       ||     6
         Orb of Destructio |       |       |       |       |    91 |    83 ||   174
 Invoke: Channel Magic     |       |       |       |     9 |    12 |     5 ||    26
  Evoke: Wand              |     2 |     4 |     6 |     2 |     6 |       ||    20
    Use: Potion            |       |     1 |     3 |     1 |     6 |     5 ||    16
         Scroll            |       |    10 |     2 |    12 |    15 |    12 ||    51
   Stab: Sleeping          |    11 |    17 |     2 |     4 |       |       ||    34
         Distracted        |       |     1 |     1 |       |     1 |       ||     3
         Invisible         |       |       |       |       |     3 |       ||     3
 Armour: Leather armour    |    23 |   101 |   186 |     1 |       |       ||   311
         Skin              |       |       |    20 |       |       |       ||    20
         Steam dragon scal |       |       |       |    58 |    28 |       ||    86
         Robe              |       |       |       |       |   257 |   109 ||   366
  Dodge: Dodged            |    38 |   152 |   114 |    86 |   190 |    53 ||   633
  Block: Buckler           |       |       |       |       |    13 |    37 ||    50
         Reflection        |       |       |       |       |       |     1 ||     1

Table legend: (Time is in decaauts)
 A = Elapsed time spent in this place.
 B = Non-inter-level travel time spent in this place.
 C = Inter-level travel time spent in this place.
 D = Time resting spent in this place.
 E = Time spent auto-exploring this place.
 F = Levels seen in this place.
 G = Mean time per level.
                   A        B        C        D        E       F      G
               +--------+--------+--------+--------+--------+-----+--------+
         Total |  55096 |  53076 |   2020 |  32297 |  13903 |  30 | 1836.5 |
       Dungeon |  23496 |  22434 |   1062 |  11607 |   7209 |  15 | 1566.4 |
        Temple |     45 |      2 |     43 |      0 |      0 |   1 |   45.0 |
          Lair |  17041 |  16515 |    526 |  12145 |   3182 |   5 | 3408.2 |
        Shoals |   1979 |   1894 |     85 |   1063 |    544 |   2 |  989.5 |
   Spider Nest |   4690 |   4479 |    211 |   2867 |   1155 |   2 | 2345.0 |
  Orcish Mines |   5298 |   5208 |     90 |   2964 |   1470 |   2 | 2649.0 |
       Ossuary |    265 |    265 |      0 |    200 |      0 |   1 |  265.0 |
        Bailey |   1116 |   1116 |      0 |    790 |    149 |   1 | 1116.0 |
       Volcano |   1162 |   1162 |      0 |    661 |    192 |   1 | 1162.0 |
               +--------+--------+--------+--------+--------+-----+--------+

Top non-repeatable levels by time:
  Lair:4: 4842 daAuts
Spider:1: 4677 daAuts
   Orc:2: 4438 daAuts
  Lair:5: 3746 daAuts
  Lair:3: 3254 daAuts
    D:12: 2934 daAuts
  Lair:1: 2613 daAuts
  Lair:2: 2584 daAuts
     D:6: 2526 daAuts
    D:10: 2506 daAuts
    D:14: 2085 daAuts
     D:7: 2050 daAuts
    D:11: 1887 daAuts
Shoals:1: 1788 daAuts
    D:13: 1359 daAuts
